Nordiques vs Kings
Created - 6 mars 2017 at 19:21
Goals
|
| Nordiques |
2 |
0 |
1 |
0 |
0 |
3 |
| Kings |
2 |
1 |
0 |
0 |
1 |
4 |
|
Shots
|
| Nordiques |
12 |
13 |
12 |
0 |
4 |
37 |
| Kings |
11 |
11 |
12 |
0 |
4 |
34 |
|
1st period
1. Nordiques , Dustin Byfuglien 1 (R.J. Umberger) at 10:56 (PP)
2. Kings , Daniel Cleary 9 (Boyd Devereaux) at 13:30
3. Kings , Drew Miller 24 (Marek Svatos, Tim Connolly) at 15:05
4. Nordiques , Nikita Kucherov 8 (Vaclav Prospal, Dustin Byfuglien) at 15:41
Penalties :
Drew Miller (LAK) for Tripping (Minor) at 3:05, Jordan Nolan (LAK) for Hooking (Minor) at 10:41, Jean-Pierre Dumont (Que) for Tripping (Minor) at 11:16
2nd period
5. Kings , Anze Kopitar 31 (Danny Richmond, Marek Svatos) at 0:47
Penalties :
Ryan Whitney (LAK) for Fighting (Major) at 6:00, Kyle Calder (Que) for Fighting (Major) at 6:00, Pascal Dupuis (Que) for Tripping (Minor) at 8:07, Danny Richmond (LAK) for Slashing (Minor) at 16:13
3rd period
6. Nordiques , R.J. Umberger 21 (Dmitry Kulikov, Chris Drury) at 1:57
Penalties :
No Penalty
Overtime #1
No Goal
Penalties :
No Penalty
Shootout
Penalty Shot by R.J. Umberger for Nordiques - Stopped by Jonathan Quick
Penalty Shot by Anze Kopitar for Kings - Stopped by Martin Brodeur
Penalty Shot by Chris Drury for Nordiques - Shot Misses the Net
Penalty Shot by Jordan Eberle for Kings - Stopped by Martin Brodeur
Penalty Shot by Dustin Byfuglien for Nordiques - Stopped by Jonathan Quick
Penalty Shot by Andrew Cogliano for Kings - Stopped by Martin Brodeur
Penalty Shot by Vaclav Prospal for Nordiques - Stopped by Jonathan Quick
Penalty Shot by Marek Svatos for Kings - Goal!
Penalties :
No Penalty
Goalie Stats
Martin Brodeur (Que), 31 saves from 34 shots - (0,912), OTL, 19-12-6, 65:00 minutes
Jonathan Quick (LAK), 34 saves from 37 shots - (0,919), W, 20-14-7, 65:00 minutes
Players Stats for Nordiques
Player Name G A P +/- PIM S H SB GA TA FO MP PP MP PK MP
------------------------------------------------------------------------------------
Chris Drury 0 1 1 0 0 4 1 0 2 0 6/27 24:55 2:19 1:25
Dmitry Kulikov 0 1 1 -1 0 3 3 2 0 1 0/0 21:46 1:43 0:00
Dustin Byfuglien 1 1 2 0 0 2 3 1 1 2 0/0 29:39 2:30 1:25
Fedor Tyutin 0 0 0 0 0 3 1 3 0 5 0/0 28:20 1:43 0:00
Jean-Pierre Dumont 0 0 0 0 2 4 0 1 0 1 0/1 19:53 2:19 0:00
Kyle Calder 0 0 0 -1 5 3 0 1 0 0 0/0 13:29 0:01 0:51
Mark Eaton 0 0 0 0 0 1 0 1 0 0 0/0 14:16 0:00 2:33
Matt Moulson 0 0 0 0 0 0 3 3 2 1 1/2 19:37 1:53 1:07
Michael Ryder 0 0 0 -1 0 1 1 0 2 0 1/1 11:25 0:01 0:00
Nikita Kucherov 1 0 1 0 0 3 0 0 2 0 2/2 16:39 1:53 0:00
Nikolai Kulemin 0 0 0 0 0 0 2 0 0 0 0/0 7:34 0:00 0:12
Pascal Dupuis 0 0 0 0 2 1 0 0 0 0 0/0 8:33 0:00 0:59
Paul Gaustad 0 0 0 -1 0 2 1 0 0 0 10/14 14:51 0:01 1:58
R.J. Umberger 1 1 2 0 0 5 1 0 0 0 1/5 23:34 2:19 0:46
Rich Peverley 0 0 0 0 0 0 0 1 1 0 0/1 7:52 0:00 0:15
Ryan Ellis 0 0 0 -1 0 2 2 2 0 1 0/0 21:43 2:30 1:25
T.J. Fast 0 0 0 0 0 0 2 0 0 1 0/0 14:16 0:00 2:33
Vaclav Prospal 0 1 1 0 0 3 1 0 0 0 10/20 17:37 1:53 0:23
Players Stats for Kings
Player Name G A P +/- PIM S H SB GA TA FO MP PP MP PK MP
------------------------------------------------------------------------------------
Andrew Cogliano 0 0 0 -1 0 0 1 1 0 0 2/4 22:24 2:04 0:53
Anze Kopitar 1 0 1 -1 0 3 5 1 3 1 15/25 21:56 2:04 0:26
Boyd Devereaux 0 1 1 1 0 3 0 0 0 1 7/8 9:51 0:00 2:11
Brandon Bollig 0 0 0 1 0 1 1 0 0 0 0/0 7:40 0:00 0:00
Chad Larose 0 0 0 0 0 1 2 0 0 0 0/0 14:22 0:00 1:09
Daniel Cleary 1 0 1 1 0 4 0 0 0 0 0/0 9:16 0:00 1:09
Danny Richmond 0 1 1 1 2 1 2 0 1 1 0/0 26:41 1:25 1:02
Drew Doughty 0 0 0 0 0 3 3 0 2 2 0/0 25:35 2:33 2:01
Drew Miller 1 0 1 1 2 2 2 0 0 0 0/1 18:28 1:54 0:27
Jordan Eberle 0 0 0 -1 0 2 0 2 1 0 1/2 20:22 2:04 0:00
Jordan Nolan 0 0 0 0 2 3 2 0 1 0 7/15 14:44 1:54 0:00
Ladislav Nagy 0 0 0 0 0 3 2 0 0 1 0/0 12:55 0:00 0:00
Lubomir Visnovsky 0 0 0 0 0 2 0 3 0 1 0/0 15:00 0:00 2:12
Marek Svatos 0 2 2 1 0 0 2 0 1 0 2/2 18:17 0:00 2:11
Oliver Ekman-Larsson 0 0 0 0 0 1 2 1 2 1 0/0 23:35 2:33 0:45
Ryan O'Byrne 0 0 0 1 0 0 1 1 0 2 0/0 25:37 0:40 2:12
Ryan Whitney 0 0 0 0 5 1 2 0 1 0 0/0 13:11 0:45 0:14
Tim Connolly 0 1 1 1 0 4 2 0 0 0 8/16 15:49 1:54 0:00
3 Stars
1 - Dustin Byfuglien (Que)
2 - R.J. Umberger (Que)
3 - Marek Svatos (LAK)
Power Play
Nordiques - 1 on 3 Attempt(s) - 33,33%
Kings - 0 on 2 Attempt(s) - 0,00%
Penalty Kill
Nordiques - 2 on 2 Attempt(s) - 100,00%
- Score 0 goal in Penalty Kill
Kings - 2 on 3 Attempt(s) - 66,67%
- Score 0 goal in Penalty Kill
Team Stat
Nordiques - Hits : 21 - Faceoff Wins : 31 - Blocked Shots : 15 - Penalty Minutes : 9
Kings - Hits : 29 - Faceoff Wins : 42 - Blocked Shots : 9 - Penalty Minutes : 11
Official
Referees : Charron Francis and VanMassenhoven Don
Linesman : Mark Wheler and Steve Barton
Game Notes
3:02 of 1st period - Nordiques goal is going for a video replay. After video review, No Goal. The puck has entered the net after making contact with an attacking player’s stick that is above the height of the crossbar.
Ryan Whitney beats up Kyle Calder at 6:00 of 2nd period
Jean-Pierre Dumont is injured at 17:07 of 3rd period (Left Leg)
Finance
Level 1 -- Attendance: 6000 (100,00%) -- Ticket Income 510 000 $
Level 2 -- Attendance: 3609 (72,18%) -- Ticket Income 216 540 $
Level 3 -- Attendance: 1600 (80,00%) -- Ticket Income 56 000 $
Level 4 -- Attendance: 2830 (70,75%) -- Ticket Income 70 750 $
Luxury Box -- Attendance: 976 (97,60%) -- Ticket Income 136 640 $
Game was played at the Staples Center.
Total Attendance: 15015 (83,42%)
Total Ticket Income: 989 930 $
Other Income: 148 490 $
Total Income: 1 138 420 $
Nordiques
5 vs 5 Forward
Center Left Wing Right Wing Time % Phy DF OF
1 Chris Drury R.J. Umberger Jean-Pierre Dumont 40 0 2 3
2 Vaclav Prospal Matt Moulson Nikita Kucherov 30 0 2 3
3 Paul Gaustad Kyle Calder Michael Ryder 20 0 2 3
4 Rich Peverley Nikolai Kulemin Pascal Dupuis 10 0 2 3
5 vs 5 Defense
Defense Defense Time % Phy DF OF
1 Fedor Tyutin Dustin Byfuglien 40 0 5 0
2 Dmitry Kulikov Ryan Ellis 30 0 5 0
3 T.J. Fast Mark Eaton 20 0 5 0
4 Fedor Tyutin Dustin Byfuglien 10 0 5 0
PowerPlay Forward
Center Left Wing Right Wing Time % Phy DF OF
1 Chris Drury R.J. Umberger Jean-Pierre Dumont 60 0 0 5
2 Vaclav Prospal Matt Moulson Nikita Kucherov 40 0 0 5
PowerPlay Defense
Defense Defense Time % Phy DF OF
1 Dustin Byfuglien Ryan Ellis 60 0 2 3
2 Fedor Tyutin Dmitry Kulikov 40 0 2 3
Penalty Kill 4 Players Forward
Center Wing Time % Phy DF OF
1 Paul Gaustad Pascal Dupuis 60 0 4 1
2 Kyle Calder Vaclav Prospal 40 0 4 1
Penalty Kill 4 Players Defense
Defense Defense Time % Phy DF OF
1 T.J. Fast Mark Eaton 60 0 4 1
2 Dustin Byfuglien Ryan Ellis 40 0 4 1
Penalty Kill - 3 Players Forward
Forward Time % Phy DF OF
1 Paul Gaustad 60 0 5 0
2 Pascal Dupuis 40 0 5 0
Penalty Kill - 3 Players Defense
Defense Defense Time % Phy DF OF
1 T.J. Fast Mark Eaton 60 0 5 0
2 Dustin Byfuglien Dmitry Kulikov 40 0 5 0
4 vs 4 Forward
Center Wing Time % Phy DF OF
1 R.J. Umberger Chris Drury 60 0 1 4
2 Jean-Pierre Dumont Vaclav Prospal 40 0 1 4
4 vs 4 Defense
Defense Defense Time % Phy DF OF
1 Dustin Byfuglien Dmitry Kulikov 60 0 3 2
2 Fedor Tyutin Ryan Ellis 40 0 3 2
Last Minutes Offensive
Center Left Wing Right Wing Defense Defense
Chris Drury R.J. Umberger Jean-Pierre Dumont Dustin Byfuglien Fedor Tyutin
Last Minutes Defensive
Center Left Wing Right Wing Defense Defense
Paul Gaustad Kyle Calder Pascal Dupuis T.J. Fast Mark Eaton
Goaltenders
Starting : Martin Brodeur
Backup : Julien Ellis
Extra Forwards
Normal : Chris Drury, Jean-Pierre Dumont, Matt Moulson - PP : Chris Drury, Jean-Pierre Dumont - PK : Pascal Dupuis
Extra Defensemen
Normal : Dmitry Kulikov, Ryan Ellis, Dustin Byfuglien - PP : Dmitry Kulikov - PK : Ryan Ellis, Dustin Byfuglien
Penalty Shots
R.J. Umberger, Chris Drury, Jean-Pierre Dumont, Vaclav Prospal, Paul Gaustad
Kings
5 vs 5 Forward
Center Left Wing Right Wing Time % Phy DF OF
1 Anze Kopitar Andrew Cogliano Jordan Eberle 35 1 2 2
2 Tim Connolly Drew Miller Marek Svatos 30 1 2 2
3 Jordan Nolan Ladislav Nagy Chad Larose 25 1 2 2
4 Boyd Devereaux Brandon Bollig Daniel Cleary 10 1 2 2
5 vs 5 Defense
Defense Defense Time % Phy DF OF
1 Ryan O'Byrne Danny Richmond 40 1 3 1
2 Drew Doughty Oliver Ekman-Larsson 35 0 3 2
3 Ryan Whitney Lubomir Visnovsky 25 1 3 1
4 Drew Doughty Oliver Ekman-Larsson 0 1 3 1
PowerPlay Forward
Center Left Wing Right Wing Time % Phy DF OF
1 Anze Kopitar Andrew Cogliano Jordan Eberle 60 0 1 4
2 Tim Connolly Drew Miller Jordan Nolan 40 0 1 4
PowerPlay Defense
Defense Defense Time % Phy DF OF
1 Drew Doughty Oliver Ekman-Larsson 60 0 2 3
2 Ryan Whitney Danny Richmond 40 0 3 2
Penalty Kill 4 Players Forward
Center Wing Time % Phy DF OF
1 Boyd Devereaux Marek Svatos 60 1 2 2
2 Chad Larose Daniel Cleary 40 1 2 2
Penalty Kill 4 Players Defense
Defense Defense Time % Phy DF OF
1 Lubomir Visnovsky Ryan O'Byrne 60 1 4 0
2 Danny Richmond Drew Doughty 40 1 4 0
Penalty Kill - 3 Players Forward
Forward Time % Phy DF OF
1 Anze Kopitar 60 1 4 0
2 Boyd Devereaux 40 1 4 0
Penalty Kill - 3 Players Defense
Defense Defense Time % Phy DF OF
1 Ryan O'Byrne Lubomir Visnovsky 60 1 4 0
2 Danny Richmond Drew Doughty 40 1 4 0
4 vs 4 Forward
Center Wing Time % Phy DF OF
1 Anze Kopitar Andrew Cogliano 60 1 2 2
2 Jordan Eberle Marek Svatos 40 1 2 2
4 vs 4 Defense
Defense Defense Time % Phy DF OF
1 Danny Richmond Drew Doughty 60 1 2 2
2 Oliver Ekman-Larsson Ryan O'Byrne 40 1 2 2
Last Minutes Offensive
Center Left Wing Right Wing Defense Defense
Anze Kopitar Andrew Cogliano Jordan Eberle Drew Doughty Danny Richmond
Last Minutes Defensive
Center Left Wing Right Wing Defense Defense
Anze Kopitar Drew Miller Chad Larose Ryan O'Byrne Lubomir Visnovsky
Goaltenders
Starting : Jonathan Quick
Backup : Evgeni Nabokov
Extra Forwards
Normal : Anze Kopitar, Jordan Eberle, Marek Svatos - PP : Marek Svatos, Chad Larose - PK : Drew Miller
Extra Defensemen
Normal : Drew Doughty, Oliver Ekman-Larsson, Ryan O'Byrne - PP : Ryan O'Byrne - PK : Oliver Ekman-Larsson, Ryan Whitney
Penalty Shots
Anze Kopitar, Jordan Eberle, Andrew Cogliano, Marek Svatos, Tim Connolly
% Time on Ice - Nordiques
Lines # - Real PCT - Wanted PCT - Time Play
Normal Forward
1 - 37% - 40% - 19:18
2 - 27% - 30% - 14:07
3 - 21% - 20% - 11:05
4 - 14% - 10% - 7:19
Normal Defense
1 - 39% - 40% - 20:08
2 - 33% - 30% - 16:59
3 - 22% - 20% - 11:09
4 - 7% - 10% - 3:33
PP Forward
1 - 55% - 60% - 2:20
2 - 45% - 40% - 1:53
PP Defense
1 - 59% - 60% - 2:30
2 - 41% - 40% - 1:43
PK Forward
1 - 90% - 60% - 3:35
2 - 10% - 40% - 0:23
PK Defense
1 - 64% - 60% - 2:33
2 - 36% - 40% - 1:25
PK3 Forward
1 - 0% - 60%
2 - 0% - 40%
PK3 Defense
1 - 0% - 60%
2 - 0% - 40%
44 Forward
1 - 75% - 60% - 3:46
2 - 25% - 40% - 1:14
44 Defense
1 - 53% - 60% - 2:40
2 - 47% - 40% - 2:20
Last Minute Offensive - 0:00
Last Minute Defensive - 0:00
Total
Forward - 65:00
Defense - 65:00
|
% Time on Ice - Kings
Lines # - Real PCT - Wanted PCT - Time Play
Normal Forward
1 - 34% - 35% - 17:25
2 - 28% - 30% - 14:22
3 - 24% - 25% - 12:22
4 - 15% - 10% - 7:40
Normal Defense
1 - 40% - 40% - 20:47
2 - 35% - 35% - 18:15
3 - 25% - 25% - 12:47
4 - 0% - 0% - 0:00
PP Forward
1 - 52% - 60% - 2:04
2 - 48% - 40% - 1:54
PP Defense
1 - 64% - 60% - 2:33
2 - 36% - 40% - 1:25
PK Forward
1 - 73% - 60% - 3:04
2 - 27% - 40% - 1:09
PK Defense
1 - 52% - 60% - 2:12
2 - 48% - 40% - 2:01
PK3 Forward
1 - 0% - 60%
2 - 0% - 40%
PK3 Defense
1 - 0% - 60%
2 - 0% - 40%
44 Forward
1 - 97% - 60% - 4:52
2 - 3% - 40% - 0:08
44 Defense
1 - 63% - 60% - 3:09
2 - 37% - 40% - 1:51
Last Minute Offensive - 0:00
Last Minute Defensive - 0:00
Total
Forward - 65:00
Defense - 65:00
|
Play by Play
1st period
0:01 of 1st period - Anze Kopitar wins face-off versus Chris Drury in neutral zone.
1:52 of 1st period - Marek Svatos is hit by Nikolai Kulemin and loses puck.
2:17 of 1st period - Slapshot by Ladislav Nagy.
2:17 of 1st period - Shot Misses the Net.
2:33 of 1st period - Kyle Calder is hit by Brandon Bollig and loses puck.
3:00 of 1st period - Snap shot by R.J. Umberger.
3:00 of 1st period - Stopped by Jonathan Quick with a rebound.
3:02 of 1st period - Snap shot by Dmitry Kulikov.
3:02 of 1st period - Nordiques goal is going for a video replay.
3:02 of 1st period - The goal is refused. The puck has entered the net after making contact with an attacking player’s stick that is above the height of the crossbar..
3:03 of 1st period - Tim Connolly wins face-off versus Chris Drury in Kings zone.
3:05 of 1st period - Minor Penalty to Drew Miller for Tripping.
3:06 of 1st period - Chris Drury wins face-off versus Boyd Devereaux in Kings zone.
3:06 of 1st period - Wrist shot by R.J. Umberger.
3:06 of 1st period - Stopped by Jonathan Quick without a rebound.
3:07 of 1st period - Boyd Devereaux wins face-off versus Chris Drury in Kings zone.
3:32 of 1st period - Matt Moulson is hit by Chad Larose and loses puck.
4:02 of 1st period - Dmitry Kulikov is hit by Danny Richmond and loses puck.
5:05 of 1st period - Penalty to Drew Miller is over, Drew Miller is back on ice.
5:18 of 1st period - Slapshot by Kyle Calder.
5:18 of 1st period - Stopped by Jonathan Quick with a rebound.
5:20 of 1st period - Slapshot by Dustin Byfuglien.
5:20 of 1st period - Shot Misses the Net.
5:54 of 1st period - T.J. Fast is hit by Marek Svatos and loses puck.
6:05 of 1st period - Mark Eaton is hit by Jordan Nolan and loses puck.
6:18 of 1st period - Fedor Tyutin is hit by Anze Kopitar and loses puck.
7:02 of 1st period - Drew Doughty is hit by Ryan Ellis and loses puck.
7:07 of 1st period - Snap shot by Michael Ryder.
7:07 of 1st period - Shot Blocked by Jordan Eberle.
7:09 of 1st period - Snap shot by Kyle Calder.
7:09 of 1st period - Stopped by Jonathan Quick without a rebound.
7:10 of 1st period - Paul Gaustad wins face-off versus Tim Connolly in Kings zone.
7:11 of 1st period - Wrist shot by Michael Ryder.
7:11 of 1st period - Shot Blocked by Lubomir Visnovsky.
7:25 of 1st period - Kyle Calder is hit by Drew Miller and loses puck.
8:08 of 1st period - Backhand shot by Daniel Cleary.
8:08 of 1st period - Stopped by Martin Brodeur without a rebound.
8:09 of 1st period - Jordan Nolan wins face-off versus Chris Drury in Nordiques zone.
8:12 of 1st period - Wrist shot by Ladislav Nagy.
8:12 of 1st period - Stopped by Martin Brodeur with a rebound.
8:36 of 1st period - Lubomir Visnovsky is hit by Michael Ryder and loses puck.
8:43 of 1st period - Snap shot by Michael Ryder.
8:43 of 1st period - Shot Misses the Net.
8:45 of 1st period - Snap shot by Kyle Calder.
8:45 of 1st period - Shot Misses the Net.
8:47 of 1st period - Backhand shot by Mark Eaton.
8:47 of 1st period - Stopped by Jonathan Quick without a rebound.
8:48 of 1st period - Tim Connolly wins face-off versus Vaclav Prospal in Kings zone.
9:17 of 1st period - Snap shot by Chris Drury.
9:17 of 1st period - Stopped by Jonathan Quick without a rebound.
9:18 of 1st period - Jordan Nolan wins face-off versus Chris Drury in Kings zone.
9:23 of 1st period - Jean-Pierre Dumont is hit by Chad Larose.
9:33 of 1st period - Snap shot by Jordan Nolan.
9:33 of 1st period - Stopped by Martin Brodeur without a rebound.
9:34 of 1st period - Vaclav Prospal wins face-off versus Andrew Cogliano in Nordiques zone.
10:08 of 1st period - Snap shot by Drew Miller.
10:08 of 1st period - Shot Blocked by Jean-Pierre Dumont.
10:10 of 1st period - Snap shot by Tim Connolly.
10:10 of 1st period - Stopped by Martin Brodeur without a rebound.
10:11 of 1st period - Vaclav Prospal wins face-off versus Anze Kopitar in Nordiques zone.
10:31 of 1st period - Dmitry Kulikov is hit by Anze Kopitar and loses puck.
10:41 of 1st period - Minor Penalty to Jordan Nolan for Hooking.
10:42 of 1st period - Boyd Devereaux wins face-off versus R.J. Umberger in Kings zone.
10:56 of 1st period - Slapshot by Dustin Byfuglien.
10:56 of 1st period - Goal by Dustin Byfuglien - Nordiques : 1 - Kings : 0.
10:57 of 1st period - Jordan Nolan wins face-off versus Chris Drury in neutral zone.
11:04 of 1st period - Wrist shot by Jordan Nolan.
11:04 of 1st period - Shot Blocked by Fedor Tyutin.
11:16 of 1st period - Minor Penalty to Jean-Pierre Dumont for Tripping.
11:17 of 1st period - Paul Gaustad wins face-off versus Anze Kopitar in Nordiques zone.
13:16 of 1st period - Penalty to Jean-Pierre Dumont is over, Jean-Pierre Dumont is back on ice.
13:26 of 1st period - Slapshot by Drew Doughty.
13:26 of 1st period - Shot Misses the Net.
13:28 of 1st period - Wrist shot by Daniel Cleary.
13:28 of 1st period - Stopped by Martin Brodeur without a rebound.
13:29 of 1st period - Boyd Devereaux wins face-off versus Vaclav Prospal in Nordiques zone.
13:30 of 1st period - Wrist shot by Daniel Cleary.
13:30 of 1st period - Goal by Daniel Cleary - Nordiques : 1 - Kings : 1.
13:31 of 1st period - Chris Drury wins face-off versus Anze Kopitar in neutral zone.
13:47 of 1st period - Ryan O'Byrne is hit by R.J. Umberger and loses puck.
13:51 of 1st period - Icing by Ryan O'Byrne.
13:52 of 1st period - Vaclav Prospal wins face-off versus Anze Kopitar in Kings zone.
14:03 of 1st period - Dmitry Kulikov is hit by Anze Kopitar and loses puck.
14:08 of 1st period - Snap shot by Anze Kopitar.
14:08 of 1st period - Stopped by Martin Brodeur without a rebound.
14:09 of 1st period - Marek Svatos wins face-off versus Chris Drury in Nordiques zone.
14:22 of 1st period - Snap shot by Tim Connolly.
14:22 of 1st period - Stopped by Martin Brodeur without a rebound.
14:23 of 1st period - Tim Connolly wins face-off versus Chris Drury in Nordiques zone.
14:24 of 1st period - Wrist shot by Drew Miller.
14:24 of 1st period - Deflect By Marek Svatos.
14:24 of 1st period - Shot Misses the Net.
14:24 of 1st period - Puck is out of play.
14:25 of 1st period - Chris Drury wins face-off versus Tim Connolly in Nordiques zone.
15:03 of 1st period - Wrist shot by Marek Svatos.
15:03 of 1st period - Shot Blocked by Dmitry Kulikov.
15:05 of 1st period - Wrist shot by Drew Miller.
15:05 of 1st period - Goal by Drew Miller - Nordiques : 1 - Kings : 2.
15:06 of 1st period - Paul Gaustad wins face-off versus Jordan Nolan in neutral zone.
15:37 of 1st period - Snap shot by Matt Moulson.
15:37 of 1st period - Shot Misses the Net.
15:41 of 1st period - Snap shot by Vaclav Prospal.
15:41 of 1st period - Deflect By Nikita Kucherov.
15:41 of 1st period - Goal by Nikita Kucherov - Nordiques : 2 - Kings : 2.
15:42 of 1st period - Anze Kopitar wins face-off versus Jean-Pierre Dumont in neutral zone.
16:11 of 1st period - Backhand shot by Matt Moulson.
16:11 of 1st period - Shot Misses the Net.
16:13 of 1st period - Wrist shot by Vaclav Prospal.
16:13 of 1st period - Shot Hit the Post.
16:15 of 1st period - Wrist shot by Fedor Tyutin.
16:15 of 1st period - Shot Misses the Net.
17:13 of 1st period - Wrist shot by Pascal Dupuis.
17:13 of 1st period - Deflect By Andrew Cogliano.
17:13 of 1st period - Stopped by Jonathan Quick with a rebound.
17:15 of 1st period - Wrist shot by Dmitry Kulikov.
17:15 of 1st period - Deflect By Pascal Dupuis.
17:15 of 1st period - Shot Blocked by Jordan Eberle.
17:15 of 1st period - Puck is out of play.
17:16 of 1st period - Vaclav Prospal wins face-off versus Anze Kopitar in Kings zone.
17:27 of 1st period - Slapshot by Jordan Eberle.
17:27 of 1st period - Stopped by Martin Brodeur without a rebound.
17:28 of 1st period - R.J. Umberger wins face-off versus Jordan Nolan in Nordiques zone.
17:35 of 1st period - Backhand shot by Jean-Pierre Dumont.
17:35 of 1st period - Stopped by Jonathan Quick with a rebound.
18:24 of 1st period - Wrist shot by Jean-Pierre Dumont.
18:24 of 1st period - Shot Blocked by Ryan O'Byrne.
18:26 of 1st period - Slapshot by Dustin Byfuglien.
18:26 of 1st period - Shot Blocked by Andrew Cogliano.
18:28 of 1st period - Snap shot by Chris Drury.
18:28 of 1st period - Stopped by Jonathan Quick without a rebound.
18:29 of 1st period - Tim Connolly wins face-off versus Vaclav Prospal in Kings zone.
18:29 of 1st period - Tim Connolly is hit by Matt Moulson.
18:36 of 1st period - Off-side.
18:37 of 1st period - Vaclav Prospal wins face-off versus Drew Miller in neutral zone.
18:42 of 1st period - Wrist shot by Matt Moulson.
18:42 of 1st period - Shot Misses the Net.
18:57 of 1st period - Mark Eaton is hit by Tim Connolly and loses puck.
19:04 of 1st period - Snap shot by Marek Svatos.
19:04 of 1st period - Shot Blocked by Mark Eaton.
19:06 of 1st period - Slapshot by Drew Miller.
19:06 of 1st period - Shot Misses the Net.
19:08 of 1st period - Snap shot by Drew Doughty.
19:08 of 1st period - Stopped by Martin Brodeur without a rebound.
19:09 of 1st period - Paul Gaustad wins face-off versus Jordan Nolan in Nordiques zone.
19:24 of 1st period - Slapshot by Michael Ryder.
19:24 of 1st period - Shot Hit the Post.
19:40 of 1st period - Icing by Chris Drury.
19:41 of 1st period - Anze Kopitar wins face-off versus Chris Drury in Nordiques zone.
19:50 of 1st period - Off-side.
19:51 of 1st period - Tim Connolly wins face-off versus Chris Drury in neutral zone.
19:58 of 1st period - Snap shot by Tim Connolly.
19:58 of 1st period - Shot Blocked by Fedor Tyutin.
Goals for this period are 2 for Nordiques vs 2 for Kings.
Shots for this period are 12 for Nordiques vs 11 for Kings.
2nd period
0:01 of 2nd period - Vaclav Prospal wins face-off versus Jordan Nolan in neutral zone.
0:08 of 2nd period - Snap shot by Jordan Nolan.
0:08 of 2nd period - Shot Misses the Net.
0:47 of 2nd period - Slapshot by Anze Kopitar.
0:47 of 2nd period - Goal by Anze Kopitar - Nordiques : 2 - Kings : 3.
0:48 of 2nd period - Anze Kopitar wins face-off versus Vaclav Prospal in neutral zone.
0:59 of 2nd period - Backhand shot by Anze Kopitar.
0:59 of 2nd period - Deflect By Andrew Cogliano.
0:59 of 2nd period - Deflect By Ryan Ellis.
0:59 of 2nd period - Shot Blocked by Matt Moulson.
0:59 of 2nd period - Puck is out of play.
1:00 of 2nd period - Anze Kopitar wins face-off versus Chris Drury in Nordiques zone.
1:01 of 2nd period - Snap shot by Andrew Cogliano.
1:01 of 2nd period - Shot Misses the Net.
1:23 of 2nd period - Icing by Dmitry Kulikov.
1:24 of 2nd period - Tim Connolly wins face-off versus R.J. Umberger in Nordiques zone.
2:05 of 2nd period - Slapshot by R.J. Umberger.
2:05 of 2nd period - Stopped by Jonathan Quick with a rebound.
2:07 of 2nd period - Slapshot by R.J. Umberger.
2:07 of 2nd period - Stopped by Jonathan Quick without a rebound.
2:08 of 2nd period - Anze Kopitar wins face-off versus Vaclav Prospal in Kings zone.
2:17 of 2nd period - Slapshot by Anze Kopitar.
2:17 of 2nd period - Deflect By Jordan Eberle.
2:17 of 2nd period - Shot Misses the Net.
2:17 of 2nd period - Puck is out of play.
2:18 of 2nd period - Vaclav Prospal wins face-off versus Anze Kopitar in Nordiques zone.
2:39 of 2nd period - Wrist shot by Jordan Eberle.
2:39 of 2nd period - Shot Blocked by Matt Moulson.
2:41 of 2nd period - Slapshot by Ryan Whitney.
2:41 of 2nd period - Stopped by Martin Brodeur with a rebound.
2:43 of 2nd period - Slapshot by Ryan Whitney.
2:43 of 2nd period - Shot Misses the Net.
2:45 of 2nd period - Slapshot by Lubomir Visnovsky.
2:45 of 2nd period - Stopped by Martin Brodeur without a rebound.
2:46 of 2nd period - Paul Gaustad wins face-off versus Tim Connolly in Nordiques zone.
2:55 of 2nd period - Slapshot by Kyle Calder.
2:55 of 2nd period - Deflect By Paul Gaustad.
2:55 of 2nd period - Stopped by Jonathan Quick without a rebound.
2:56 of 2nd period - Michael Ryder wins face-off versus Tim Connolly in Kings zone.
3:33 of 2nd period - Slapshot by Michael Ryder.
3:33 of 2nd period - Stopped by Jonathan Quick without a rebound.
3:34 of 2nd period - Jordan Nolan wins face-off versus Vaclav Prospal in Kings zone.
3:39 of 2nd period - Slapshot by Oliver Ekman-Larsson.
3:39 of 2nd period - Shot Blocked by Matt Moulson.
3:41 of 2nd period - Wrist shot by Jordan Nolan.
3:41 of 2nd period - Stopped by Martin Brodeur with a rebound.
4:04 of 2nd period - Wrist shot by Daniel Cleary.
4:04 of 2nd period - Stopped by Martin Brodeur without a rebound.
4:05 of 2nd period - Boyd Devereaux wins face-off versus Chris Drury in Nordiques zone.
4:06 of 2nd period - Snap shot by Daniel Cleary.
4:06 of 2nd period - Shot Blocked by Ryan Ellis.
4:08 of 2nd period - Wrist shot by Ryan Whitney.
4:08 of 2nd period - Shot Misses the Net.
4:10 of 2nd period - Slapshot by Lubomir Visnovsky.
4:10 of 2nd period - Stopped by Martin Brodeur with a rebound.
4:16 of 2nd period - Wrist shot by Boyd Devereaux.
4:16 of 2nd period - Stopped by Martin Brodeur with a rebound.
4:18 of 2nd period - Backhand shot by Boyd Devereaux.
4:18 of 2nd period - Stopped by Martin Brodeur without a rebound.
4:19 of 2nd period - Paul Gaustad wins face-off versus Anze Kopitar in Nordiques zone.
4:28 of 2nd period - Snap shot by Andrew Cogliano.
4:28 of 2nd period - Shot Misses the Net.
4:30 of 2nd period - Slapshot by Drew Doughty.
4:30 of 2nd period - Shot Blocked by Kyle Calder.
4:46 of 2nd period - Fedor Tyutin is hit by Ladislav Nagy and loses puck.
5:53 of 2nd period - Off-side.
5:54 of 2nd period - Paul Gaustad wins face-off versus Anze Kopitar in neutral zone.
5:59 of 2nd period - Slapshot by Michael Ryder.
5:59 of 2nd period - Shot Misses the Net.
6:00 of 2nd period - Ryan Whitney beats up Kyle Calder.
6:00 of 2nd period - Penalty to Ryan Whitney for Fighting.
6:00 of 2nd period - Penalty to Kyle Calder for Fighting.
6:01 of 2nd period - Jordan Nolan wins face-off versus Chris Drury in Kings zone.
6:08 of 2nd period - Slapshot by Ryan O'Byrne.
6:08 of 2nd period - Deflect By Ladislav Nagy.
6:08 of 2nd period - Stopped by Martin Brodeur with a rebound.
6:26 of 2nd period - Vaclav Prospal is hit by Ryan O'Byrne and loses puck.
7:10 of 2nd period - Wrist shot by Paul Gaustad.
7:10 of 2nd period - Stopped by Jonathan Quick without a rebound.
7:11 of 2nd period - Boyd Devereaux wins face-off versus Paul Gaustad in Kings zone.
7:38 of 2nd period - Wrist shot by Vaclav Prospal.
7:38 of 2nd period - Stopped by Jonathan Quick with a rebound.
7:46 of 2nd period - Matt Moulson is hit by Anze Kopitar.
8:07 of 2nd period - Minor Penalty to Pascal Dupuis for Tripping.
8:08 of 2nd period - Anze Kopitar wins face-off versus Paul Gaustad in Nordiques zone.
10:07 of 2nd period - Penalty to Pascal Dupuis is over, Pascal Dupuis is back on ice.
10:15 of 2nd period - Wrist shot by Nikita Kucherov.
10:15 of 2nd period - Stopped by Jonathan Quick with a rebound.
11:04 of 2nd period - Lubomir Visnovsky is hit by Nikolai Kulemin and loses puck.
11:34 of 2nd period - Drew Miller is hit by Dustin Byfuglien and loses puck.
11:57 of 2nd period - Brandon Bollig is hit by Ryan Ellis and loses puck.
12:10 of 2nd period - Drew Miller is hit by Dmitry Kulikov and loses puck.
12:23 of 2nd period - Dmitry Kulikov is hit by Ryan Whitney and loses puck.
12:36 of 2nd period - Kyle Calder is hit by Jordan Nolan and loses puck.
12:58 of 2nd period - Fedor Tyutin is hit by Ladislav Nagy and loses puck.
13:11 of 2nd period - Snap shot by Vaclav Prospal.
13:11 of 2nd period - Deflect By Drew Miller.
13:11 of 2nd period - Stopped by Jonathan Quick with a rebound.
13:13 of 2nd period - Wrist shot by Vaclav Prospal.
13:13 of 2nd period - Shot Misses the Net.
13:15 of 2nd period - Slapshot by Fedor Tyutin.
13:15 of 2nd period - Stopped by Jonathan Quick with a rebound.
13:17 of 2nd period - Slapshot by Fedor Tyutin.
13:17 of 2nd period - Stopped by Jonathan Quick with a rebound.
13:43 of 2nd period - Snap shot by Boyd Devereaux.
13:43 of 2nd period - Stopped by Martin Brodeur with a rebound.
13:45 of 2nd period - Wrist shot by Brandon Bollig.
13:45 of 2nd period - Stopped by Martin Brodeur without a rebound.
13:46 of 2nd period - Chris Drury wins face-off versus Jordan Nolan in Nordiques zone.
14:07 of 2nd period - Wrist shot by Jean-Pierre Dumont.
14:07 of 2nd period - Stopped by Jonathan Quick with a rebound.
14:09 of 2nd period - Slapshot by Mark Eaton.
14:09 of 2nd period - Shot Misses the Net.
14:11 of 2nd period - Wrist shot by Jean-Pierre Dumont.
14:11 of 2nd period - Shot Misses the Net.
14:13 of 2nd period - Wrist shot by Jean-Pierre Dumont.
14:13 of 2nd period - Stopped by Jonathan Quick with a rebound.
14:51 of 2nd period - Snap shot by Chris Drury.
14:51 of 2nd period - Stopped by Jonathan Quick without a rebound.
14:52 of 2nd period - Vaclav Prospal wins face-off versus Anze Kopitar in Kings zone.
15:17 of 2nd period - Paul Gaustad is hit by Tim Connolly and loses puck.
16:13 of 2nd period - Minor Penalty to Danny Richmond for Slashing.
16:14 of 2nd period - Boyd Devereaux wins face-off versus Chris Drury in Kings zone.
18:13 of 2nd period - Penalty to Danny Richmond is over, Danny Richmond is back on ice.
Goals for this period are 0 for Nordiques vs 1 for Kings.
Shots for this period are 13 for Nordiques vs 11 for Kings.
3rd period
0:01 of 3rd period - Anze Kopitar wins face-off versus Chris Drury in neutral zone.
0:09 of 3rd period - Off-side.
0:10 of 3rd period - Anze Kopitar wins face-off versus Chris Drury in neutral zone.
0:51 of 3rd period - Wrist shot by Jordan Eberle.
0:51 of 3rd period - Stopped by Martin Brodeur with a rebound.
0:53 of 3rd period - Slapshot by Danny Richmond.
0:53 of 3rd period - Shot Misses the Net.
0:55 of 3rd period - Snap shot by Anze Kopitar.
0:55 of 3rd period - Shot Misses the Net.
0:57 of 3rd period - Snap shot by Jordan Eberle.
0:57 of 3rd period - Shot Misses the Net.
0:59 of 3rd period - Slapshot by Anze Kopitar.
0:59 of 3rd period - Stopped by Martin Brodeur with a rebound.
1:01 of 3rd period - Snap shot by Danny Richmond.
1:01 of 3rd period - Shot Blocked by Dustin Byfuglien.
1:03 of 3rd period - Slapshot by Ryan O'Byrne.
1:03 of 3rd period - Deflect By Anze Kopitar.
1:03 of 3rd period - Shot Blocked by Fedor Tyutin.
1:03 of 3rd period - Puck is out of play.
1:04 of 3rd period - Tim Connolly wins face-off versus Vaclav Prospal in Nordiques zone.
1:17 of 3rd period - Snap shot by Ryan Ellis.
1:17 of 3rd period - Stopped by Jonathan Quick without a rebound.
1:18 of 3rd period - Tim Connolly wins face-off versus Vaclav Prospal in Kings zone.
1:23 of 3rd period - Slapshot by Drew Doughty.
1:23 of 3rd period - Deflect By Tim Connolly.
1:23 of 3rd period - Deflect By Dmitry Kulikov.
1:23 of 3rd period - Shot Blocked by Ryan Ellis.
1:23 of 3rd period - Puck is out of play.
1:24 of 3rd period - Vaclav Prospal wins face-off versus Tim Connolly in Nordiques zone.
1:53 of 3rd period - Wrist shot by Chris Drury.
1:53 of 3rd period - Shot Blocked by Oliver Ekman-Larsson.
1:55 of 3rd period - Slapshot by Dmitry Kulikov.
1:55 of 3rd period - Stopped by Jonathan Quick with a rebound.
1:57 of 3rd period - Snap shot by R.J. Umberger.
1:57 of 3rd period - Goal by R.J. Umberger - Nordiques : 3 - Kings : 3.
1:58 of 3rd period - Anze Kopitar wins face-off versus Chris Drury in neutral zone.
2:46 of 3rd period - Fedor Tyutin is hit by Drew Doughty and loses puck.
3:13 of 3rd period - Off-side.
3:14 of 3rd period - Andrew Cogliano wins face-off versus Chris Drury in neutral zone.
3:20 of 3rd period - Icing by Ryan O'Byrne.
3:21 of 3rd period - Chris Drury wins face-off versus Anze Kopitar in Kings zone.
3:34 of 3rd period - Snap shot by R.J. Umberger.
3:34 of 3rd period - Deflect By Jean-Pierre Dumont.
3:34 of 3rd period - Stopped by Jonathan Quick without a rebound.
3:35 of 3rd period - Vaclav Prospal wins face-off versus Tim Connolly in Kings zone.
3:49 of 3rd period - Icing by Drew Miller.
3:50 of 3rd period - Chris Drury wins face-off versus Tim Connolly in Kings zone.
3:59 of 3rd period - Snap shot by Chris Drury.
3:59 of 3rd period - Stopped by Jonathan Quick with a rebound.
4:09 of 3rd period - Dustin Byfuglien is hit by Drew Miller and loses puck.
4:39 of 3rd period - Wrist shot by Tim Connolly.
4:39 of 3rd period - Stopped by Martin Brodeur without a rebound.
4:40 of 3rd period - Jordan Eberle wins face-off versus Vaclav Prospal in Nordiques zone.
5:07 of 3rd period - Dmitry Kulikov is hit by Oliver Ekman-Larsson and loses puck.
5:12 of 3rd period - Wrist shot by Chad Larose.
5:12 of 3rd period - Stopped by Martin Brodeur with a rebound.
5:14 of 3rd period - Slapshot by Drew Doughty.
5:14 of 3rd period - Stopped by Martin Brodeur with a rebound.
5:16 of 3rd period - Slapshot by Drew Doughty.
5:16 of 3rd period - Stopped by Martin Brodeur without a rebound.
5:17 of 3rd period - Boyd Devereaux wins face-off versus Vaclav Prospal in Nordiques zone.
5:32 of 3rd period - Slapshot by Fedor Tyutin.
5:32 of 3rd period - Stopped by Jonathan Quick without a rebound.
5:33 of 3rd period - Anze Kopitar wins face-off versus Chris Drury in Kings zone.
6:00 of 3rd period - Dustin Byfuglien is hit by Drew Doughty and loses puck.
7:05 of 3rd period - Anze Kopitar is hit by T.J. Fast and loses puck.
7:32 of 3rd period - Drew Doughty is hit by Matt Moulson.
7:37 of 3rd period - Snap shot by Jordan Nolan.
7:37 of 3rd period - Stopped by Martin Brodeur with a rebound.
7:47 of 3rd period - Mark Eaton is hit by Drew Doughty and loses puck.
8:24 of 3rd period - Slapshot by Matt Moulson.
8:24 of 3rd period - Shot Blocked by Lubomir Visnovsky.
8:26 of 3rd period - Snap shot by Dmitry Kulikov.
8:26 of 3rd period - Stopped by Jonathan Quick without a rebound.
8:27 of 3rd period - Anze Kopitar wins face-off versus Matt Moulson in Kings zone.
8:36 of 3rd period - Andrew Cogliano is hit by Vaclav Prospal and loses puck.
9:16 of 3rd period - Snap shot by Paul Gaustad.
9:16 of 3rd period - Shot Misses the Net.
9:18 of 3rd period - Wrist shot by Paul Gaustad.
9:18 of 3rd period - Shot Misses the Net.
9:20 of 3rd period - Slapshot by Kyle Calder.
9:20 of 3rd period - Shot Blocked by Lubomir Visnovsky.
9:41 of 3rd period - Off-side.
9:42 of 3rd period - Anze Kopitar wins face-off versus Chris Drury in neutral zone.
9:55 of 3rd period - Slapshot by Drew Doughty.
9:55 of 3rd period - Shot Misses the Net.
9:57 of 3rd period - Slapshot by Oliver Ekman-Larsson.
9:57 of 3rd period - Shot Misses the Net.
9:59 of 3rd period - Slapshot by Oliver Ekman-Larsson.
9:59 of 3rd period - Stopped by Martin Brodeur without a rebound.
10:00 of 3rd period - Nikita Kucherov wins face-off versus Tim Connolly in Nordiques zone.
10:17 of 3rd period - Wrist shot by Tim Connolly.
10:17 of 3rd period - Stopped by Martin Brodeur with a rebound.
10:27 of 3rd period - Ryan O'Byrne is hit by Chris Drury and loses puck.
11:33 of 3rd period - Slapshot by Marek Svatos.
11:33 of 3rd period - Shot Blocked by Dmitry Kulikov.
11:35 of 3rd period - Wrist shot by Marek Svatos.
11:35 of 3rd period - Shot Misses the Net.
11:37 of 3rd period - Snap shot by Drew Miller.
11:37 of 3rd period - Stopped by Martin Brodeur without a rebound.
11:38 of 3rd period - Nikita Kucherov wins face-off versus Andrew Cogliano in Nordiques zone.
12:02 of 3rd period - Tim Connolly is hit by Dustin Byfuglien and loses puck.
12:17 of 3rd period - Snap shot by Matt Moulson.
12:17 of 3rd period - Shot Misses the Net.
12:36 of 3rd period - Backhand shot by Nikita Kucherov.
12:36 of 3rd period - Stopped by Jonathan Quick with a rebound.
12:38 of 3rd period - Slapshot by T.J. Fast.
12:38 of 3rd period - Shot Misses the Net.
12:40 of 3rd period - Snap shot by Dustin Byfuglien.
12:40 of 3rd period - Deflect By Danny Richmond.
12:40 of 3rd period - Stopped by Jonathan Quick with a rebound.
12:42 of 3rd period - Wrist shot by Vaclav Prospal.
12:42 of 3rd period - Shot Misses the Net.
12:44 of 3rd period - Snap shot by Matt Moulson.
12:44 of 3rd period - Deflect By Vaclav Prospal.
12:44 of 3rd period - Stopped by Jonathan Quick without a rebound.
12:45 of 3rd period - Andrew Cogliano wins face-off versus Chris Drury in Kings zone.
12:50 of 3rd period - Wrist shot by Anze Kopitar.
12:50 of 3rd period - Shot Misses the Net.
12:52 of 3rd period - Slapshot by Oliver Ekman-Larsson.
12:52 of 3rd period - Shot Misses the Net.
13:15 of 3rd period - Slapshot by Ladislav Nagy.
13:15 of 3rd period - Shot Misses the Net.
15:03 of 3rd period - Ryan O'Byrne is hit by T.J. Fast and loses puck.
15:38 of 3rd period - Backhand shot by Chad Larose.
15:38 of 3rd period - Shot Misses the Net.
16:00 of 3rd period - Slapshot by Drew Doughty.
16:00 of 3rd period - Shot Blocked by Rich Peverley.
16:10 of 3rd period - Slapshot by Ryan Ellis.
16:10 of 3rd period - Stopped by Jonathan Quick with a rebound.
16:34 of 3rd period - Slapshot by Ladislav Nagy.
16:34 of 3rd period - Shot Misses the Net.
16:36 of 3rd period - Snap shot by Ladislav Nagy.
16:36 of 3rd period - Stopped by Martin Brodeur with a rebound.
16:38 of 3rd period - Snap shot by Danny Richmond.
16:38 of 3rd period - Deflect By Fedor Tyutin.
16:38 of 3rd period - Stopped by Martin Brodeur without a rebound.
16:39 of 3rd period - Paul Gaustad wins face-off versus Jordan Nolan in Nordiques zone.
17:06 of 3rd period - Jean-Pierre Dumont is hit by Andrew Cogliano.
17:07 of 3rd period - Jean-Pierre Dumont from Nordiques is injured at 17:07 of 3rd period (Left Leg).
17:08 of 3rd period - Paul Gaustad wins face-off versus Jordan Nolan in Nordiques zone.
17:14 of 3rd period - Icing by Oliver Ekman-Larsson.
17:15 of 3rd period - Paul Gaustad wins face-off versus Jordan Nolan in Kings zone.
17:22 of 3rd period - Wrist shot by Michael Ryder.
17:22 of 3rd period - Shot Misses the Net.
18:26 of 3rd period - Wrist shot by Michael Ryder.
18:26 of 3rd period - Deflect By Kyle Calder.
18:26 of 3rd period - Stopped by Jonathan Quick without a rebound.
18:27 of 3rd period - Jordan Nolan wins face-off versus Paul Gaustad in Kings zone.
18:33 of 3rd period - Off-side.
18:34 of 3rd period - Jordan Nolan wins face-off versus Paul Gaustad in neutral zone.
19:42 of 3rd period - Fedor Tyutin is hit by Ryan Whitney and loses puck.
Goals for this period are 1 for Nordiques vs 0 for Kings.
Shots for this period are 12 for Nordiques vs 12 for Kings.
Overtime #1
0:01 of 1st overtime period - Anze Kopitar wins face-off versus R.J. Umberger in neutral zone.
0:03 of 1st overtime period - Off-side.
0:04 of 1st overtime period - Anze Kopitar wins face-off versus R.J. Umberger in neutral zone.
0:11 of 1st overtime period - Slapshot by Anze Kopitar.
0:11 of 1st overtime period - Shot Misses the Net.
0:42 of 1st overtime period - Off-side.
0:43 of 1st overtime period - Matt Moulson wins face-off versus Jordan Eberle in neutral zone.
0:54 of 1st overtime period - Wrist shot by Matt Moulson.
0:54 of 1st overtime period - Shot Misses the Net.
1:00 of 1st overtime period - Slapshot by Jordan Eberle.
1:00 of 1st overtime period - Shot Misses the Net.
1:48 of 1st overtime period - Dustin Byfuglien is hit by Oliver Ekman-Larsson and loses puck.
2:07 of 1st overtime period - Drew Doughty is hit by Matt Moulson and loses puck.
2:20 of 1st overtime period - Drew Doughty is hit by Dmitry Kulikov and loses puck.
2:41 of 1st overtime period - Ryan Ellis is hit by Danny Richmond and loses puck.
3:02 of 1st overtime period - Anze Kopitar is hit by Paul Gaustad.
3:06 of 1st overtime period - Oliver Ekman-Larsson is hit by Fedor Tyutin and loses puck.
3:17 of 1st overtime period - Ryan Ellis is hit by Marek Svatos and loses puck.
3:34 of 1st overtime period - Danny Richmond is hit by Dmitry Kulikov and loses puck.
4:17 of 1st overtime period - Off-side.
4:18 of 1st overtime period - Marek Svatos wins face-off versus Rich Peverley in neutral zone.
4:34 of 1st overtime period - Dustin Byfuglien is hit by Anze Kopitar and loses puck.
4:45 of 1st overtime period - Drew Doughty is hit by Dustin Byfuglien and loses puck.
4:50 of 1st overtime period - Snap shot by Vaclav Prospal.
4:50 of 1st overtime period - Shot Misses the Net.
4:52 of 1st overtime period - Slapshot by Fedor Tyutin.
4:52 of 1st overtime period - Shot Blocked by Anze Kopitar.
Goals for this period are 0 for Nordiques vs 0 for Kings.
Shots for this period are 0 for Nordiques vs 0 for Kings.
ShootOut
5:00 of 1st overtime period - Penalty Shot by R.J. Umberger for Nordiques.
5:00 of 1st overtime period - Deke by R.J. Umberger.
5:00 of 1st overtime period - Stopped by Jonathan Quick.
5:00 of 1st overtime period - Penalty Shot by Anze Kopitar for Kings.
5:00 of 1st overtime period - Backhand shot by Anze Kopitar.
5:00 of 1st overtime period - Stopped by Martin Brodeur.
5:00 of 1st overtime period - Penalty Shot by Chris Drury for Nordiques.
5:00 of 1st overtime period - Snap shot by Chris Drury.
5:00 of 1st overtime period - Shot Misses the Net.
5:00 of 1st overtime period - Penalty Shot by Jordan Eberle for Kings.
5:00 of 1st overtime period - Wrist shot by Jordan Eberle.
5:00 of 1st overtime period - Stopped by Martin Brodeur.
5:00 of 1st overtime period - Penalty Shot by Dustin Byfuglien for Nordiques.
5:00 of 1st overtime period - Snap shot by Dustin Byfuglien.
5:00 of 1st overtime period - Stopped by Jonathan Quick.
5:00 of 1st overtime period - Penalty Shot by Andrew Cogliano for Kings.
5:00 of 1st overtime period - Deke by Andrew Cogliano.
5:00 of 1st overtime period - Stopped by Martin Brodeur.
5:00 of 1st overtime period - Penalty Shot by Vaclav Prospal for Nordiques.
5:00 of 1st overtime period - Deke by Vaclav Prospal.
5:00 of 1st overtime period - Stopped by Jonathan Quick.
5:00 of 1st overtime period - Penalty Shot by Marek Svatos for Kings.
5:00 of 1st overtime period - Deke by Marek Svatos.
5:00 of 1st overtime period - Goal by Marek Svatos.
Back to the Top